 Dungeon Crawl Stone Soup version 0.27-a0-1532-gca18f49f40 (webtiles) character file.

Game seed: 16180260425502375904

2301 lunkers the Martial Artist (level 9, 0/58 HPs)
             Began as a Djinni Warper on July 12, 2021.
             Was a Follower of Cheibriados.
             Slain by a sky beast (5 damage)
             ... on level 5 of the Dungeon.
             The game lasted 00:12:45 (8943 turns).

lunkers the Martial Artist (Djinni Warper)          Turns: 8943, Time: 00:12:45

Health: 0/58       AC: 13    Str: 14    XL:     9   Next: 67%
Gold:   210        EV: 11    Int: 20    God:    Cheibriados [*.....] SH:  0 Dex: 16

rFire    + + .     SeeInvis .     - Unarmed
rCold    x . .     Faith    .   (no shield)
rNeg     . . .     Spirit   .   t - +3 ring mail
rPois    ∞         Reflect  .   x - +0 helmet
rElec    .         Harm     .   n - +2 cloak
rCorr    .         Rampage  .   q - +0 pair of gloves
Will     .....                  (boots unavailable)
Stlth    +.........             (no amulet)
HPRegen  0.19/turn              l - ring of wizardry
MPRegen  0.00/turn              (no ring)

@: flying, very slow
A: sickness immunity, fire resistance 2, cold vulnerability 1, float, innate
caster, hp casting, extra vitality 1
a: Renounce Religion, Bend Time


You were on level 5 of the Dungeon.
You worshipped Cheibriados.
Cheibriados was aware of your devotion.
You visited 2 branches of the dungeon, and saw 7 of its levels.

You collected 210 gold pieces.

Inventory:

Missiles
 c - 5 boomerangs of dispersal
 d - 2 boomerangs
 k - a throwing net
Armour
 n - a +2 cloak (worn)
 q - a +0 pair of gloves (worn)
 t - a +3 ring mail (worn)
 x - a +0 helmet (worn)
Jewellery
 l - a ring of wizardry (left hand)
Wands
 v - a wand of paralysis (2)
Scrolls
 b - a scroll of blinking
 g - 4 scrolls of teleportation {unknown}
 i - 8 scrolls of identify {unknown}
 j - 2 scrolls of vulnerability {unknown}
 m - 2 scrolls of amnesia {unknown}
 u - 2 scrolls of noise {unknown}
 w - a scroll of holy word {unknown}
Potions
 a - a potion of curing {unknown}
 e - 2 potions of heal wounds {unknown}
 f - a potion of lignification {unknown}
 o - a potion of berserk rage {unknown}
 p - a potion of degeneration {unknown}
 r - a potion of attraction {unknown}
 s - a potion of might {unknown}


   Skills:
 - Level 2.0 Fighting
 - Level 0.7 Throwing
 - Level 1.0 Armour
 - Level 2.1 Dodging
 * Level 11.3 Unarmed Combat
 + Level 4.2 Spellcasting


You couldn't memorise any spells.
You knew the following spells:

 Your Spells              Type           Power      Damage    Failure   Level
b - Lesser Beckoning      Tloc           10%        N/A       5%          3
c - Gell's Gravitas       Tloc           10%        N/A       5%          3
d - Teleport Other        Tloc           21%        N/A       5%          3
e - Manifold Assault      Tloc           21%        N/A       43%         5
f - Dazzling Flash        Conj/Hex       42%        N/A       5%          3
p - Blink                 Tloc           N/A        N/A       2%          2
q - Freeze                Ice            84%        1d10      1%          1
r - Call Imp              Summ           21%        N/A       2%          2
w - Frozen Ramparts       Ice            42%        1d6       5%          3
Your spell library was empty.

Dungeon Overview and Level Annotations

Branches:
Dungeon (6/15)             Temple (1/1) D:5

Altars:
Ashenzari
Cheibriados
Elyvilon
Fedhas
Hepliaklqana
Kikubaaqudgha
Makhleb
Nemelex Xobeh
Okawaru
Qazlal
Sif Muna
Uskayaw
Vehumet
Wu Jian
Yredelemnul
Zin

Shops:
D:1 =


Innate Abilities, Weirdness & Mutations

You are immune to sickness and miasma.
You are immune to poison.
Your flesh is very heat resistant. (rF++)
You are vulnerable to cold. (rC-)
You float through the air rather than walking.
You learn spells naturally, not from books.
Your magical power is your life essence.
You have superior vitality. (+4 HP)


Message History

Something hits you but does no damage.
You punch the centaur!
The centaur is severely wounded.
The centaur barely misses you.
The centaur kicks you but does no damage.
The centaur hits you. The centaur closely misses you.
Something hits you but does no damage.
You punch the centaur!
You kill the centaur!
Cheibriados thoroughly appreciates the change of pace.
Cheibriados raises the support of your attributes as your movement slows.
Something hits you. Something shocks you.
* * * LOW HITPOINT WARNING * * *
Something hits you but does no damage.
Things that are here:
a +0 shortbow; 15 arrows You hit something.
You hit something. Something hits you but does no damage.
You miss something. Something hits you.
* * * LOW HITPOINT WARNING * * *
Something shocks you.
* * * LOW HITPOINT WARNING * * *
You closely miss something. Something hits you.
* * * LOW HITPOINT WARNING * * *
Something shocks you.
* * * LOW HITPOINT WARNING * * *
You miss something. Something hits you but does no damage.
You hit something. You hit something but do no damage.
Something hits you but does no damage.
You closely miss something. Something hits you.
* * * LOW HITPOINT WARNING * * *
Something shocks you.
* * * LOW HITPOINT WARNING * * *
You hit something. Something hits you but does no damage.
You closely miss something. Your punch misses something.
You barely miss something. Something hits you but does no damage.
You miss something. Something hits you.
* * * LOW HITPOINT WARNING * * *
Something shocks you.
You die...

#####...### #.......##
##...... .## ###...##
#..###### ##.......
..## #.....####..#
#........
.#.###.###...##..#
##....... 8.8.##.#
##....[.##### #.......
.....#.# ###........###
##...... .....'.#
###........####...)..
.....###
##.)........÷........
8.8.##
##.†>@.......##.......
.#.##
##....{.......###......
..##
#..............##......
.##
#...............##.....
##
#...............##.....
#
##..............###....
# #..............#
#.... #
##............## ##...
# #............# #...


There were no monsters in sight!

Vanquished Creatures
  Prince Ribbit (D:5)
  5 yaks
  A sky beast (D:5)
  3 black bears
  An ogre (D:4)
  A centaur (D:5)
  A bullfrog (D:6)
  2 scorpions (D:5)
  A howler monkey (D:5)
  2 hounds (D:5)
  2 orc priests
  Crazy Yiuf (D:2)
  A gnoll shaman (D:6)
  Natasha (D:2)
  3 iguanas (D:5)
  2 orc wizards (D:4)
  2 scorpion zombies (D:5)
  2 hound skeletons
  8 gnolls
  3 adders
  A worm (D:4)
  16 orcs
  6 bats
  8 endoplasms
  2 giant cockroaches
  11 goblins
  3 hobgoblins
  6 jackals
  2 quokkas
  3 ball pythons
  8 kobolds
  11 rats
120 creatures vanquished.

Vanquished Creatures (others)
  2 fungi (D:2)
2 creatures vanquished.

Grand Total: 122 creatures vanquished

Notes
Turn   | Place    | Note
-------+----------+-------------------------------------------
     0 | D:1      | lunkers the Djinni Warper began the quest for the Orb.
     0 | D:1      | Reached XP level 1. HP: 18/18 MP: 0/0
   150 | D:1      | Reached XP level 2. HP: 21/23 MP: 0/0
   349 | D:1      | Reached skill level 3 in Unarmed Combat
   466 | D:1      | Found a faded altar of an unknown god.
   529 | D:1      | Found Myemn's Jewellery Boutique.
   675 | D:1      | Reached XP level 3. HP: 12/28 MP: 0/0
   675 | D:1      | Learned a level 1 spell: Freeze
  1782 | D:2      | Noticed Natasha
  1799 | D:2      | Killed Natasha
  1800 | D:2      | Reached skill level 4 in Unarmed Combat
  1800 | D:2      | Reached XP level 4. HP: 7/33 MP: 0/0
  2414 | D:2      | Found a runed translucent door.
  2415 | D:2      | Noticed Crazy Yiuf
  2514 | D:2      | HP: 1/33 [Crazy Yiuf (7)]
  2515 | D:2      | Killed Crazy Yiuf
  2944 | D:3      | Reached XP level 5. HP: 38/38 MP: 0/0
  2944 | D:3      | Learned a level 2 spell: Call Imp
  3526 | D:4      | Reached skill level 5 in Unarmed Combat
  3637 | D:4      | Noticed an ogre
  3648 | D:4      | Killed an ogre
  3649 | D:4      | Reached XP level 6. HP: 5/43 MP: 0/0
  3652 | D:4      | Reached skill level 6 in Unarmed Combat
  4089 | D:4      | Noticed a black bear
  4101 | D:4      | Killed a black bear
  4821 | D:4      | Reached XP level 7. HP: 49/49 MP: 0/0
  4821 | D:4      | Learned a level 3 spell: Frozen Ramparts
  4911 | D:5      | Entered Level 5 of the Dungeon
  4926 | D:4      | Reached skill level 7 in Unarmed Combat
  5725 | D:5      | Reached skill level 8 in Unarmed Combat
  5829 | D:5      | Noticed Prince Ribbit
  5847 | D:5      | Killed Prince Ribbit
  5848 | D:5      | Reached XP level 8. HP: 31/54 MP: 0/0
  6106 | D:5      | Reached skill level 9 in Unarmed Combat
  6339 | D:5      | Found a staircase to the Ecumenical Temple.
  6426 | Temple   | Entered the Ecumenical Temple
  6538 | Temple   | Became a worshipper of Cheibriados the Contemplative
  7611 | D:6      | Noticed a yak
  7612 | D:6      | Noticed a yak
  7612 | D:6      | Noticed a yak
  7613 | D:6      | Noticed a yak
  7613 | D:6      | Noticed a yak
  7889 | D:4      | Killed a yak
  7890 | D:4      | Reached skill level 10 in Unarmed Combat
  8050 | D:4      | Killed a yak
  8051 | D:4      | Reached XP level 9. HP: 39/58 MP: 0/0
  8051 | D:4      | Learned a level 3 spell: Dazzling Flash
  8372 | D:6      | Reached * piety under Cheibriados
  8424 | D:5      | Reached skill level 11 in Unarmed Combat
  8608 | D:6      | Noticed a troll
  8943 | D:5      | Slain by a sky beast

Illustrated notes

Levels and vault maps discovered:
D:1:      doesnt_arrival_eight_statues, layout_loops_corners, serial_shops,
          shop, shapermc_ecumenical_altar_mp_ritualfount, grunt_decor_cap,
          kennysheep_pointless_box, minmay_pentomino_w2
D:2:      layout_loops_cross, minmay_misc_feat_encased, uniq_crazy_yiuf_cottage,
          uniq_natasha
D:3:      layout_basic, serial_corexii_hall, corexii_hall_statues_t,
          corexii_hall_statues_l, chequers_hall_statues_wall_a,
          chequers_hall_statues_y
D:4:      layout_loops_ring
D:5:      layout_cave_pods, minmay_temple_entry_junction, dk_noncrumbling_3,
          uniq_prince_ribbit1
D:6:      layout_basic, lemuel_round_altar, serial_shops,
          nicolae_shop_behind_doors
Temple:   compressed_dpeg_circular_temple

Skill      XL: |  1  2  3  4  5  6  7  8  9 |
---------------+----------------------------+-----
Unarmed Combat | 3 4 5 6 8 10 11 | 11.3
Spellcasting   | 3 4 |  4.2
Fighting       | |  2.0
Throwing       | |  0.7
Armour         | |  1.0
Dodging        | |  2.1

Action                   |  1- 3 |  4- 6 |  7- 9 || total
-------------------------+-------+-------+-------++-------
Melee: Unarmed           |   142 |   140 |   298 ||   580
       Punch             |       |     1 |    12 ||    13
 Cast: Dazzling Flash    |       |       |     1 ||     1
Evoke: Wand              |     1 |    12 |     8 ||    21
  Use: Scroll            |       |       |     2 ||     2
 Stab: Sleeping          |     3 |       |       ||     3
       Paralysed         |       |       |    10 ||    10
       Invisible         |       |       |     1 ||     1
Armor: Leather armour    |    15 |       |       ||    15
       Scale mail        |    49 |    39 |       ||    88
       Ring mail         |       |    35 |   150 ||   185
Dodge: Dodged            |    77 |    69 |   164 ||   310

Table legend: (Time is in decaauts)
 A = Elapsed time spent in this place.
 B = Non-inter-level travel time spent in this place.
 C = Inter-level travel time spent in this place.
 D = Time resting spent in this place.
 E = Time spent auto-exploring this place.
 F = Levels seen in this place.
 G = Mean time per level.
                   A        B        C        D        E       F      G
               +--------+--------+--------+--------+--------+-----+--------+
         Total |   9130 |   8936 |    194 |   2176 |   5312 |   7 | 1304.3 |
       Dungeon |   9005 |   8824 |    181 |   2176 |   5238 |   6 | 1500.8 |
        Temple |    125 |    112 |     13 |      0 |     74 |   1 |  125.0 |
               +--------+--------+--------+--------+--------+-----+--------+

Top non-repeatable levels by time:
     D:4: 2553 daAuts
     D:5: 2542 daAuts
     D:1: 1600 daAuts
     D:2: 1234 daAuts
     D:3: 867 daAuts
     D:6: 208 daAuts
  Temple: 125 daAuts
